 Dungeon Crawl Stone Soup version 0.24.1-14-gf8d2b509d9 (console) character file.

Game seed: 2466096068798650452, levelgen mode: deterministic

9 Kagalorn the Cudgeler (level 2, -4/23 HPs)
             Began as a Minotaur Wanderer on Feb 26, 2021.
             Slain by a kobold
             ... wielding a +0 dagger
              (5 damage)
             ... on level 1 of the Dungeon.
             The game lasted 00:01:31 (550 turns).

Kagalorn the Cudgeler (Minotaur Wanderer)            Turns: 550, Time: 00:01:31

Health: -4/23      AC:  2    Str: 16    XL:     2   Next: 6%
Magic:  3/3        EV: 11    Int: 10    God:
Gold:   22         SH:  0    Dex:  8    Spells: 2/3 levels left

rFire    . . .     SeeInvis .   a - +0 mace
rCold    . . .     Gourm    .   (no shield)
rNeg     . . .     Faith    .   d - +0 robe
rPois    .         Spirit   .   (helmet restricted)
rElec    .         Reflect  .   (no cloak)
rCorr    .         Harm     .   (no gloves)
MR       .....                  (no boots)
Stlth    +.........             (no amulet)
HPRegen  0.07/turn              (no ring)
MPRegen  0.08/turn              (no ring)

@: no status effects
A: retaliatory headbutt, horns 2
a: no special abilities


You were on level 1 of the Dungeon.
You were not hungry.

You visited 1 branch of the dungeon, and saw 1 of its levels.

You collected 22 gold pieces.

Inventory:

Hand Weapons
 a - a +0 mace (weapon)
Missiles
 e - 14 stones (quivered)
Armour
 d - a +0 robe (worn)
Scrolls
 c - a scroll of identify {unknown}
Potions
 b - a potion of curing
Comestibles
 f - 2 rations
 g - 2 chunks of flesh


   Skills:
 + Level 1.3 Fighting
 - Level 2.4 Maces & Flails
 - Level 1.0 Throwing
 + Level 2.0 Armour
 - Level 1.0 Stealth
 - Level 1.3 Spellcasting
   Level 1.3 Ice Magic
   Level 1.0 Air Magic


You had 2 spell levels left.
You knew the following spells:

 Your Spells              Type           Power        Failure   Level  Hunger
a - Magic Dart            Conj           #...         32%         1    ##.....

Your spell library contained the following spells:

 Spells                   Type           Power        Failure   Level  Hunger
 Blink                    Tloc           N/A          45%         2    ###....
 Call Imp                 Summ           #.......     45%         2    ###....
 Slow                     Hex            #.......     45%         2    ###....
 Mephitic Cloud           Conj/Pois/Air  #.......     65%         3    ####...
 Conjure Flame            Conj/Fire      #.......     69%         3    ####...


Dungeon Overview and Level Annotations

Branches:
Dungeon (1/15)

Altars:


Innate Abilities, Weirdness & Mutations

You reflexively headbutt those who attack you in melee.
You have a pair of horns on your head.


Message History

The kobold is moderately wounded.
The kobold hits you with a +0 dagger.
* * * LOW HITPOINT WARNING * * *
You closely miss the kobold.
The kobold is moderately wounded.
The kobold closely misses you.
You closely miss the kobold. Your headbutt misses the kobold.
The kobold is moderately wounded.
The kobold hits you but does no damage. The kobold barely misses you.
You closely miss the kobold. Your headbutt misses the kobold.
The kobold is moderately wounded.
The kobold barely misses you.
You barely miss the kobold. The kobold hits you with a +0 dagger.
* * * LOW HITPOINT WARNING * * *
You closely miss the kobold.
You headbutt the kobold, but do no damage.
The kobold hits you but does no damage.
You hit the kobold but do no damage. Your headbutt misses the kobold.
The kobold hits you with a +0 dagger.
You die...

### #............#
#...#............#
#...#.........(..#
#............(...##
#.............(...#
#..........(......##
#..................#
#......K.........#.##
###...@###########..#
#....# ##.## #....#
#..#. #....# #####.#.
#....# #.....#.
###### #.....#.
#.....#. #.......
#.......


You could see a kobold.

Vanquished Creatures
  A dart slug (D:1)
  A bat (D:1)
  A goblin (D:1)
  A hobgoblin (D:1)
  A kobold (D:1)
  2 rats (D:1)
7 creatures vanquished.

Notes
Turn   | Place    | Note
-------+----------+-------------------------------------------
     0 | D:1      | Kagalorn the Minotaur Wanderer began the quest for the Orb.
     0 | D:1      | Kagalorn set off with the following items: a +0 mace, a
                  | potion of curing, a +0 robe, a ration; and the following
                  | spell memorised: Magic Dart; and the following spells
                  | available to memorise: Blink, Call Imp, Slow, Mephitic
                  | Cloud, Conjure Flame
     0 | D:1      | Reached XP level 1. HP: 14/14 MP: 1/1
   156 | D:1      | Reached skill level 1 in Fighting
   535 | D:1      | Reached XP level 2. HP: 13/23 MP: 3/3
   539 | D:1      | HP: 1/23 [kobold/+0 dagger (2)]
   548 | D:1      | HP: 1/23 [kobold/+0 dagger (1)]
   550 | D:1      | Slain by a kobold

Levels and vault maps discovered:
D:1:      tarquinn_simple_flora_water_a, layout_basic, hangedman_decor_points

Skill      XL: |  1 |
---------------+----+-----
Fighting       | 1 |  1.3
Armour         | 2 |  2.0
Maces & Flails | |  2.4
Throwing       | |  1.0
Stealth        | |  1.0
Spellcasting   | |  1.3
Ice Magic      | |  1.3
Air Magic      | |  1.0

Action                   || total
-------------------------++-------
Melee: Mace              ||    33
       Headbutt          ||     3
 Cast: Magic Dart        ||     3
Armor: Robe              ||     3
Dodge: Dodged            ||    21
